 Dungeon Crawl Stone Soup version 0.27-a0-869-g165b36e3f0 (webtiles) character file.

Game seed: 14280458997651256863

6 rageheart7 the Skirmisher (level 1, 0/19 HPs)
             Began as a Ghoul Monk on Apr 2, 2021.
             Slain by a jackal (1 damage)
             ... on level 1 of the Dungeon.
             The game lasted 00:00:22 (65 turns).

rageheart7 the Skirmisher (Ghoul Monk)                Turns: 65, Time: 00:00:23

Health: 0/19       AC:  2    Str: 14    XL:     1   Next: 90%
Magic:  0/0        EV: 12    Int:  5    God:
Gold:   0          SH:  0    Dex: 11    Spells: 0/0 levels left

rFire    . . .     SeeInvis .     - Unarmed
rCold    + . .     Faith    .   (no shield)
rNeg     + + +     Spirit   .   a - +0 robe
rPois    ∞         Reflect  .   (no helmet)
rElec    .         Harm     .   (no cloak)
rCorr    .         Rampage  .   (no gloves)
Will     .....                  (no boots)
Stlth    ++........             (no amulet)
HPRegen  0.00/turn              (no ring)
MPRegen  0.07/turn              (no ring)

@: no status effects
A: claws 1, cold resistance 1, negative energy resistance 3, inhibited
regeneration, torment resistance 2, unbreathing 1
a: no special abilities


You were on level 1 of the Dungeon.
You visited 1 branch of the dungeon, and saw 1 of its levels.

Inventory:

Armour
 a - a +0 robe (worn)
Scrolls
 b - a scroll of identify {unknown}


   Skills:
 * Level 3.5 Fighting
 - Level 2.6 Dodging
 - Level 2.1 Stealth
 * Level 3.5 Unarmed Combat


You couldn't memorise any spells.
You didn't know any spells.
Your spell library was empty.

Dungeon Overview and Level Annotations

Branches:
Dungeon (1/15)

Altars:


Innate Abilities, Weirdness & Mutations

You thrive by killing the living.
You are immune to poison.
You have sharp fingernails.
Your flesh is cold resistant. (rC+)
You are immune to negative energy. (rN+++)
You do not regenerate when monsters are visible.
You are immune to unholy pain and torment.
You can survive without breathing.


Message History

The jackal is severely wounded.
The jackal closely misses you. The goblin barely misses you.
The jackal misses you.
The jackal bites you but does no damage.
You closely miss the jackal.
The jackal is severely wounded.
The jackal bites you but does no damage.
The goblin hits you with a +0 club. The jackal bites you.
You scratch the jackal but do no damage.
The jackal is severely wounded.
The jackal bites you.
* * * LOW HITPOINT WARNING * * *
The jackal barely misses you. The goblin barely misses you.
The jackal closely misses you. The jackal bites you.
* * * LOW HITPOINT WARNING * * *
The jackal barely misses you.
You scratch the jackal but do no damage.
The jackal closely misses you.
You scratch the jackal.
The jackal is almost dead.
The jackal barely misses you.
You barely miss the jackal.
The jackal is almost dead.
The jackal barely misses you.
The jackal bites you but does no damage.
You closely miss the jackal.
The jackal is almost dead.
The jackal barely misses you.
You scratch the jackal.
You kill the jackal!
The jackal bites you.
* * * LOW HITPOINT WARNING * * *
You miss the jackal.
The jackal is severely wounded.
The jackal misses you.
You closely miss the jackal.
The jackal is severely wounded.
The jackal bites you.
You die...

####### .# .....### .#
#.....# ##.## #
#.....###...## ###
#.#............## ..#
#.#.....##....... ..#
#......@#.#>#.#.# <.#
###.####hg......# ..###
#.# ##.#†#.### ..'.# #.#
#....†...# #+#.### #.#
##.#.#.#.# ....'.# ##.#
#........ ###.#.# ##..#
##.#.#.#.#
#.#.####...####.........#
#+#...........+..... ...+


You could see a jackal and a goblin.

Vanquished Creatures
  A ball python (D:1)
  3 jackals (D:1)
  A bat (D:1)
5 creatures vanquished.

Notes
Turn   | Place    | Note
-------+----------+-------------------------------------------
     0 | D:1      | rageheart7 the Ghoul Monk began the quest for the Orb.
     0 | D:1      | Reached XP level 1. HP: 19/19 MP: 0/0
    65 | D:1      | Slain by a jackal

Illustrated notes

Levels and vault maps discovered:
D:1:      shiori_arrival_maze, layout_loops_corners, serial_rivers,
          chequers_serial_rivers_micro_a, chequers_serial_rivers_micro_c,
          chequers_serial_rivers_small_a, chequers_serial_rivers_room_b,
          chequers_serial_rivers_micro_a, st_stairs_8

Action                   || total
-------------------------++-------
Melee: Unarmed           ||    25
Armor: Robe              ||     7
Dodge: Dodged            ||    36

Table legend: (Time is in decaauts)
 A = Elapsed time spent in this place.
 B = Non-inter-level travel time spent in this place.
 C = Inter-level travel time spent in this place.
 D = Time resting spent in this place.
 E = Time spent auto-exploring this place.
 F = Levels seen in this place.
 G = Mean time per level.
                   A        B        C        D        E       F      G
               +--------+--------+--------+--------+--------+-----+--------+
         Total |     63 |     63 |      0 |      0 |     31 |   1 |   63.0 |
       Dungeon |     63 |     63 |      0 |      0 |     31 |   1 |   63.0 |
               +--------+--------+--------+--------+--------+-----+--------+

Top non-repeatable levels by time:
     D:1: 63 daAuts
